 Dungeon Crawl Stone Soup version 0.25-a0-697-g890751e744 (webtiles) character file.

Game seed: 5175560721462952942, levelgen mode: deterministic

235 Ashen the Gusty (level 6, 0/35 HPs)
             Began as a Tengu Air Elementalist on Apr 1, 2020.
             Slain by emiel's ghost (14 damage)
             ... on level 2 of the Dungeon.
             The game lasted 00:08:08 (2802 turns).

Ashen the Gusty (Tengu Air Elementalist)            Turns: 2802, Time: 00:08:09

Health: 0/35       AC:  3    Str:  8    XL:     6   Next: 6%
Magic:  9/11       EV: 10    Int: 18    God:
Gold:   102        SH:  0    Dex: 14    Spells: 4/10 levels left

rFire    . . .     SeeInvis .   f - staff of poison
rCold    . . .     Gourm    .   (no shield)
rNeg     . . .     Faith    .   a - +1 robe
rPois    +         Spirit   .   (helmet restricted)
rElec    .         Reflect  .   (no cloak)
rCorr    .         Harm     .   (no gloves)
MR       .....                  (boots unavailable)
Stlth    ++........             (no amulet)
HPRegen  0.11/turn              e - -3 ring of evasion (curse)
MPRegen  0.12/turn              (no ring)

@: about to teleport
A: beak, talons 3, able to fly
a: Fly


You were on level 2 of the Dungeon.
You were not hungry.

You visited 1 branch of the dungeon, and saw 3 of its levels.

You collected 102 gold pieces.

Inventory:

Armour
 a - a +1 robe (worn)
Magical Staves
 f - an uncursed staff of poison (weapon)
Jewellery
 e - a cursed -3 ring of evasion (left hand)
Scrolls
 h - 2 scrolls of teleportation
 n - a scroll of identify
Potions
 b - a potion of haste
 d - a potion of flight {unknown}
 i - a potion of stabbing
 k - a potion of ambrosia {unknown}
 l - a potion of lignification
 m - a potion of curing {unknown}
Comestibles
 c - 6 rations


   Skills:
 + Level 1.9 Fighting
 + Level 3.3 Dodging
 + Level 3.2 Stealth
 + Level 2.9 Spellcasting
 + Level 3.3 Conjurations
 + Level 5.0 Air Magic


You had 4 spell levels left.
You knew the following spells:

 Your Spells              Type           Power        Failure   Level  Hunger
a - Shock                 Conj/Air       ###.         3%          1    None
b - Swiftness             Chrm/Air       ##......     9%          2    ##.....
c - Static Discharge      Conj/Air       ###.....     9%          3    ###....

Your spell library contained the following spells:

 Spells                   Type           Power        Failure   Level  Hunger
 Airstrike                Air            ###.......   21%         4    ####...
 Lightning Bolt           Conj/Air       ###.......   63%         5    ######.


Dungeon Overview and Level Annotations

Branches:
Dungeon (3/15)

Altars:

Annotations:
D:2 emiel's ghost, amateur DsFi


Innate Abilities, Weirdness & Mutations

You have a beak for a mouth.
You have claws for feet.
You can fly continuously.


Message History

Press: ? - help, Shift-Dir - straight line The zap hits the kobold.
You kill the kobold!
The zap hits the kobold.
You kill the kobold!
Emiel's ghost hits you!
Press: ? - help, v - describe, . - travel
Here: a kobold, wielding a +4 whip of electrocution The floor.
Casting: Shock (safe; 3% risk of failure)
Confirm with . or Enter, or press ? or * to list all spells.
Aiming: Shock (safe; 3% risk of failure)
Press: ? - help, Shift-Dir - straight line The zap misses the big kobold.
Emiel's ghost hits you! Emiel's ghost closely misses you.
The kobold closely misses you.
You climb upwards.
There is a stone staircase leading down here.
As you read the scroll of teleportation, it crumbles to dust.
You feel strangely unstable. Emiel's ghost hits you!
You die...

###############
#@K...........####
#WK(..............
#.############)###
#.# #รท## #.#
#..## #.# #...#
#.# #...# #.#
#...# #.# #...#


You could see a big kobold, emiel's ghost and a kobold.

Vanquished Creatures
  A bullfrog zombie (D:3)
  A jelly (D:3)
  An orc priest (D:2)
  Terence (D:3)
  A howler monkey skeleton (D:3)
  4 adders
  A worm (D:3)
  2 dart slugs (D:1)
  4 leopard geckos
  6 orcs
  A ball python (D:3)
  A giant cockroach (D:3)
  4 goblins
  8 hobgoblins
  2 jackals (D:1)
  4 quokkas
  7 bats
  A frilled lizard (D:2)
  6 kobolds
  5 rats
61 creatures vanquished.

Notes
Turn   | Place    | Note
-------+----------+-------------------------------------------
     0 | D:1      | Ashen the Tengu Air Elementalist began the quest for the
                  | Orb.
     0 | D:1      | Reached XP level 1. HP: 10/10 MP: 4/4
   321 | D:1      | Reached XP level 2. HP: 15/15 MP: 1/6
   845 | D:2      | Reached XP level 3. HP: 18/20 MP: 1/7
  1028 | D:2      | Learned a level 2 spell: Swiftness
  1032 | D:2      | Learned a level 3 spell: Static Discharge
  1071 | D:2      | Reached skill level 1 in Fighting
  1278 | D:2      | Reached XP level 4. HP: 13/25 MP: 1/8
  1874 | D:3      | Gained mutation: You can fly continuously. [Tengu growth]
  1874 | D:3      | Reached XP level 5. HP: 7/29 MP: 3/9
  2224 | D:3      | Noticed Terence
  2250 | D:3      | Killed Terence
  2383 | D:3      | Reached skill level 5 in Air Magic
  2471 | D:3      | Reached XP level 6. HP: 35/35 MP: 7/11
  2641 | D:3      | Found a runed translucent gate,
  2641 | D:3      | Found a runed translucent gate,
  2641 | D:3      | Found a runed translucent gate,
  2642 | D:3      | Noticed emiel's ghost (amateur DsFi)
  2802 | D:2      | Slain by emiel's ghost

Levels and vault maps discovered:
D:1:      sevenhm_arrival_forest_fort_small_3, layout_basic, roderic_lattice_a
D:2:      layout_basic, first_ration
D:3:      layout_loops_ring, gammafunk_ghost_nasty_kobolds,
          minmay_misc_feat_four_crosses, kennysheep_flooded_box, uniq_terence

Skill      XL: |  1  2  3  4  5 |
---------------+----------------+-----
Conjurations   | 2 3 |  3.3
Fighting       | 1 |  1.9
Dodging        | 3 |  3.3
Stealth        | 3 |  3.2
Air Magic      | 5 |  5.0
Spellcasting   | |  2.9

Action                   |  1- 3 |  4- 6 || total
-------------------------+-------+-------++-------
Melee: Unarmed           |    19 |    13 ||    32
       Kick              |     3 |     3 ||     6
       Peck              |     2 |     6 ||     8
       Staff             |       |    23 ||    23
 Cast: Shock             |    49 |    71 ||   120
  Use: Scroll            |       |    10 ||    10
 Stab: Sleeping          |       |     2 ||     2
  Eat: Chunk             |     2 |     5 ||     7
Armor: Robe              |     8 |    13 ||    21
Dodge: Dodged            |    37 |    43 ||    80

Table legend:
 A = Non-vault XP
 B = Vault XP
 C = Vault XP percentage of total XP
 D = Non-vault monster count
 E = Vault monster count
 F = Vault count percentage of total count
                 A         B        C        D         E       F
            +---------+---------+-------+---------+---------+-------
      Total |     297 |      40 |  11.9 |      58 |       3 |   4.9
            +---------+---------+-------+---------+---------+-------
        D:1 |      19 |       0 |   0.0 |       9 |       0 |   0.0
        D:2 |     116 |       0 |   0.0 |      22 |       0 |   0.0
        D:3 |     162 |      40 |  19.8 |      27 |       3 |  10.0
            +---------+---------+-------+---------+---------+-------
